 Dungeon Crawl Stone Soup version 0.25.1-4-g9407a263a5 (webtiles) character file.

Game seed: 10605074377599429171

48 Gabide the Poker (level 4, -1/35 HPs)
             Began as a Human Chaos Knight on Nov 29, 2020.
             Was a Plaything of Xom.
             Slain by a chaos spawn (6 damage)
             ... summoned by Xom
             ... on level 2 of the Dungeon.
             The game lasted 00:03:03 (742 turns).

Gabide the Poker (Human Chaos Knight)                Turns: 742, Time: 00:03:04

Health: -1/35      AC:  5    Str: 14    XL:     4   Next: 0%
Magic:  4/4        EV: 11    Int: 12    God:    Xom [......]
Gold:   49         SH:  0    Dex: 12    Spells: 3/3 levels left

rFire    . . .     SeeInvis .   a - +0 spear (chaos)
rCold    . . .     Gourm    .   (no shield)
rNeg     . . .     Faith    .   b - +2 leather armour
rPois    .         Spirit   .   (no helmet)
rElec    .         Reflect  .   (no cloak)
rCorr    .         Harm     .   (no gloves)
MR       .....                  (no boots)
Stlth    +.........             (no amulet)
HPRegen  0.11/turn              g - ring of wizardry
MPRegen  0.09/turn              (no ring)

@: brilliant
A: no striking features
a: Renounce Religion


You were on level 2 of the Dungeon.
You worshipped Xom.
You were a very special plaything of Xom.
You were not hungry.

You visited 1 branch of the dungeon, and saw 2 of its levels.

You collected 49 gold pieces.

Inventory:

Hand Weapons
 a - a +0 spear of chaos (weapon)
Armour
 b - a +2 leather armour (worn)
Jewellery
 g - a ring of wizardry (left hand)
Potions
 f - a potion of might {unknown}
 h - a potion of magic {unknown}
Comestibles
 c - 2 rations
 d - 3 chunks of flesh


   Skills:
 + Level 3.4 Fighting
 * Level 4.0 Polearms
 + Level 2.1 Armour
 * Level 1.3 Dodging


You had 3 spell levels left.
You didn't know any spells.
Your spell library was empty.

Dungeon Overview and Level Annotations

Branches:
Dungeon (2/15)

Altars:


Message History

You reach to attack!
You hit the chaos spawn but do no damage.
The chaos spawn flickers and vanishes!
Deactivating autopickup; reactivate with Ctrl-A.
Attack whom?
Press: ? - help, Dir - move target cursor, f - you That would be overly suicidal.
Okay, then.
Attack whom?
Press: ? - help, Dir - move target cursor Something you can't see is in the way.
You closely miss something. Something gores you but does no damage.
Your leather armour prevents you from hitting something.
Something gores you. Something shocks you!
You closely miss something. You barely miss something. Something hits you!
* * * LOW HITPOINT WARNING * * *
Something shocks you.
You die... "What!?
That's it?"

#..#### #####.# #..# #.# #..# ###
#÷# ######..### #.# #.#
#.........# #.### #.# #.........#
##...#####†##### #..÷......#
##..#.......#....
..........#######..#####........>
##...##.####..5.@.## #.####....
###.##.####.###### #.# ##....
#.........5..# #.# #.....
####.........###### #.###.....
##### #.#...##.......###.##......
....# #......###.###.....#..#....
....###......# #.# #....#.######
.>...........# #.#####.#...#
.....##......###..........#######


You could see an ufetubus (summoned).

Vanquished Creatures
  3 adders (D:2)
  A worm (shapeshifter) (D:2)
  A leopard gecko (D:1)
  2 ball pythons
  A giant cockroach (D:2)
  3 goblins (D:2)
  3 jackals (D:2)
  4 bats
  A kobold (D:2)
  A rat (D:2)
20 creatures vanquished.

Notes
Turn   | Place    | Note
-------+----------+-------------------------------------------
     0 | D:1      | Gabide the Human Chaos Knight began the quest for the Orb.
     0 | D:1      | Reached XP level 1. HP: 18/18 MP: 1/1
    88 | D:1      | XOM: silly message
   149 | D:1      | You fall into a shaft and drop 1 floor!
   177 | D:2      | Reached XP level 2. HP: 24/24 MP: 2/2
   272 | D:2      | XOM: silly message
   279 | D:2      | Reached XP level 3. HP: 29/29 MP: 3/3
   303 | D:2      | XOM: silly message
   326 | D:2      | Noticed a shapeshifter
   326 | D:2      | a leopard gecko changed into a shapeshifter
   326 | D:2      | Noticed a porcupine
   326 | D:2      | a shapeshifter changed into a porcupine
   327 | D:2      | a porcupine changed into a worm
   420 | D:2      | XOM: noise
   440 | D:2      | Found a faded altar of an unknown god.
   540 | D:2      | XOM: smoke on damage
   543 | D:2      | Reached skill level 4 in Polearms
   543 | D:2      | Reached XP level 4. HP: 22/35 MP: 4/4
   725 | D:2      | XOM: summons 3 hostile demons
   726 | D:2      | Noticed a chaos spawn
   742 | D:2      | Slain by a chaos spawn

Illustrated notes

Levels and vault maps discovered:
D:1:      saegor_arrival_simple_e, layout_basic
D:2:      layout_rooms, chequers_ecumenical_altar_simple_redux, first_ration

Skill      XL: |  1  2  3 |
---------------+----------+-----
Polearms       | 4 |  4.0
Fighting       | |  3.4
Armour         | |  2.1
Dodging        | |  1.3

Action                   |  1- 3 |  4- 6 || total
-------------------------+-------+-------++-------
Melee: Spear             |    70 |     8 ||    78
  Use: Scroll            |     1 |       ||     1
       Potion            |       |     1 ||     1
 Stab: Paralysed         |     1 |       ||     1
Armor: Leather armour    |    14 |     2 ||    16
Dodge: Dodged            |    38 |     5 ||    43
